Map: Buried Caverns

Players

Gromcillo

  • Race: Protoss Protoss
  • League: Gold
  • Spawn Location: 5:00

Jitoru

  • Race: Terran Terran
  • Spawn Location: 3:00

Felifox

  • Race: Zerg Zerg
  • League: Gold
  • Spawn Location: 3:00

Subwaymaker

  • Race: Protoss Protoss
  • League: Silver
  • Spawn Location: 9:00

Mesrob

  • Race: Terran Terran
  • League: Gold
  • Spawn Location: 9:00

subwayengine

  • Race: Terran Terran
  • Spawn Location: 7:00

VOD

Have the link to the VOD?

Description

Time

  • Played on: Jan. 17, 2019, 9:03 p.m.
  • Length: 12:28
Show
View Real Time Build Order
Export as new Build Order

Gromcillo Protoss 

Build Orders: Carriers 

Get SALT Encoding   

  12  0:01  Probe  
  13  0:14  Pylon  
  13  0:18  Probe  
  14  0:30  Probe  
  15  0:37  Gateway  
  15  0:42  Probe  
  16  0:49  Assimilator  
  16  0:55  Assimilator  
  16  1:02  Probe  
  17  1:14  Probe  
  18  1:26  Probe  
  18  1:28  Cybernetics Core  
  19  1:38  Probe  
  19  1:39  Pylon  
  20  1:50  Probe  
  21  1:54  Gateway  
  21  2:03  Probe  
  22  2:10  Stargate  
  22  2:19  Stalker  
  24  2:44  Zealot  
  24  2:49  Stalker  
  28  3:14  Stalker  
  30  3:42  Nexus  
  30  3:57  Pylon  
  30  4:14  Pylon  
  30  4:15  Void Ray, Stalker  
  30  4:16  Assimilator  
  36  4:20  Probe  
  37  4:32  Probe  
  37  4:34  Pylon  
  37  4:37  Pylon  
  34  5:05  Stalker x2  
  36  5:27  Probe  
  36  5:28  Probe  
  38  5:32  Adept x2  
  42  5:39  Probe  
  42  5:40  Probe  
  42  5:52  Probe  
  43  6:01  Protoss Air Armor Level 1  
  43  6:05  Probe x2  
  45  6:14  Assimilator  
  45  6:17  Probe x2  
  41  6:27  Stalker  
  41  6:28  Stalker  
  38  6:56  Fleet Beacon  
  38  7:02  Stargate  
  38  7:06  Stargate  
  39  7:08  Probe  
  39  7:12  Pylon  
  39  7:15  Twilight Council  
  39  7:18  Probe  
  39  7:20  Probe  
  41  7:32  Probe  
  42  7:40  Carrier  
  42  7:44  Probe  
  42  7:47  Protoss Air Weapons Level 1  
  42  7:49  Carrier  
  49  7:57  Probe  
  50  8:04  Carrier  
  56  8:15  Probe x2  
  65  8:27  Probe  
  65  8:50  Carrier  
  65  8:57  Carrier  
  65  8:59  Probe x2  
  79  9:39  Protoss Air Armor Level 2  
  77  10:12  Carrier  
  83  10:22  Carrier  
  83  10:33  Carrier  
  77  11:16  Carrier  
  83  11:40  Nexus  
  83  11:52  Pylon  
Show
View Real Time Build Order
Export as new Build Order

Jitoru Terran 

Build Orders: Mech 

Get SALT Encoding   

  12  0:01  SCV  
  13  0:13  SCV  
  14  0:18  Supply Depot  
  14  0:25  SCV  
  15  0:30  Refinery  
  15  0:43  Barracks  
  15  0:49  SCV  
  16  1:01  SCV  
  17  1:14  SCV  
  18  1:19  Refinery  
  18  1:30  Supply Depot  
  18  1:37  Reaper  
  19  1:43  Orbital Command  
  19  1:59  Factory  
  19  2:11  Supply Depot  
  19  2:24  Barracks Tech Lab  
  19  2:28  SCV  
  20  2:34  Supply Depot  
  20  2:40  SCV  
  21  2:52  SCV  
  21  2:56  Barracks Tech Lab, Siege Tank  
  25  3:04  SCV  
  26  3:16  SCV  
  27  3:31  Siege Tank  
  29  3:43  Factory  
  29  3:46  SCV  
  30  3:51  Command Center  
  30  4:00  Barracks Reactor  
  30  4:04  Factory  
  30  4:32  Supply Depot  
  30  4:56  Supply Depot  
  24  5:12  Factory  
  24  5:15  Barracks Reactor  
  24  5:17  Factory  
  24  5:20  Supply Depot  
  24  5:27  Starport  
  24  5:28  SCV  
  25  5:36  Siege Tank  
  25  5:40  SCV  
  29  5:47  Siege Tank  
  32  5:52  SCV x2  
  34  6:04  SCV x2  
  34  6:09  Medivac  
  34  6:10  Barracks Reactor  
  38  6:15  Factory Reactor  
  38  6:16  SCV  
  39  6:43  SCV  
  39  6:45  Refinery  
  40  6:47  Refinery  
  40  6:55  SCV  
  41  7:06  Widow Mine x3  
  41  7:07  Siege Tank x2  
  41  7:08  SCV  
  54  7:09  Widow Mine  
  56  7:20  SCV  
  57  7:35  Command Center  
  57  8:09  Orbital Command  
  57  8:14  Siege Tank  
  57  8:15  Siege Tank  
  57  8:16  Widow Mine  
  57  8:19  Widow Mine  
  67  8:22  Widow Mine  
  69  8:27  Refinery  
  69  8:36  Refinery  
  69  8:46  Siege Tank  
  69  8:47  Siege Tank  
  75  8:59  SCV  
  76  9:11  SCV  
  77  9:23  SCV  
  78  9:25  Siege Tank  
  78  9:26  Siege Tank  
  78  9:31  Widow Mine x3  
  88  9:32  Widow Mine  
  88  9:35  SCV  
  93  9:47  SCV  
  93  9:51  Widow Mine  
  93  9:52  Widow Mine  
  100  9:53  Widow Mine  
  100  9:57  SCV  
  101  10:14  Supply Depot  
  101  10:15  Supply Depot  
  101  10:30  Widow Mine  
  101  10:36  Siege Tank x2, SCV  
  101  10:37  Widow Mine x2  
  112  10:48  SCV  
  111  11:00  SCV  
  108  11:12  SCV  
  109  11:22  Siege Tank x2  
  109  11:23  Widow Mine  
  117  11:37  Supply Depot  
  117  11:38  Supply Depot  
  117  11:39  Supply Depot  
  117  11:40  Supply Depot  
  117  11:55  Widow Mine  
  117  11:59  Widow Mine x4  
  117  12:00  Widow Mine x2  
Show
View Real Time Build Order
Export as new Build Order

Felifox Zerg 

Build Orders: Hatch First, Roach Hydra 

Get SALT Encoding   

  12  0:03  Drone  
  13  0:08  Drone  
  14  0:19  Extractor  
  14  0:20  Drone  
  15  0:24  Overlord  
  15  0:44  Drone x2  
  15  0:48  Drone  
  18  0:59  Hatchery  
  18  1:01  Drone  
  18  1:13  Drone  
  19  1:20  Spawning Pool  
  19  1:22  Drone  
  19  1:27  Extractor  
  18  1:36  Drone  
  19  1:42  Drone  
  20  1:51  Overlord  
  20  2:01  Drone  
  21  2:09  Queen  
  21  2:15  Drone  
  24  2:19  Queen  
  24  2:20  Drone  
  27  2:24  Extractor  
  26  2:31  Zergling x2  
  26  2:33  Zergling x4  
  29  2:40  Zergling x2  
  29  2:43  Metabolic Boost  
  30  2:45  Zergling x2  
  30  2:46  Zergling x2  
  32  3:01  Zergling x2  
  32  3:02  Zergling x2  
  34  3:09  Zergling x4  
  36  3:18  Overlord x2  
  36  3:33  Overlord x2  
  36  3:43  Lair  
  38  3:52  Pneumatized Carapace  
  38  3:54  Drone x4  
  40  3:59  Roach Warren  
  39  4:07  Drone x2  
  41  4:23  Drone x5  
  41  4:24  Drone x4  
  49  4:31  Overlord  
  48  4:46  Zergling x6  
  51  5:00  Drone x3  
  51  5:01  Drone x4  
  58  5:17  Drone x2  
  58  5:21  Glial Reconstitution  
  60  5:22  Hydralisk Den  
  60  5:26  Infestation Pit, Drone x2  
  49  5:38  Zergling x4  
  51  5:45  Zergling x4  
  53  6:02  Roach x2  
  53  6:03  Roach x6  
  69  6:07  Grooved Spines  
  69  6:13  Extractor  
  69  6:14  Extractor  
  63  6:38  Hatchery  
  63  6:39  Tunneling Claws  
  62  6:41  Roach x3  
  62  6:42  Roach x4  
  76  6:52  Overlord x4  
  76  6:53  Overlord  
  76  7:11  Overlord x2  
  76  7:13  Hive  
  76  7:19  Muscular Augments, Zergling x4  
  76  7:20  Zergling x2  
  79  7:27  Evolution Chamber  
  78  7:30  Hydralisk x5, Evolution Chamber  
  78  7:31  Evolution Chamber  
  78  7:32  Zergling x4  
  88  7:52  Hydralisk x2  
  88  7:53  Zergling x4  
  79  8:27  Zergling x8  
  79  8:28  Roach  
  79  8:29  Roach  
  85  8:36  Drone x3  
  89  8:41  Zergling x4  
  89  8:47  Zerg Missile Weapons Level 1  
  90  8:48  Zerg Ground Armor Level 1  
  90  8:51  Zergling x4  
  92  8:59  Drone x2  
  94  9:05  Adrenal Glands  
  94  9:07  Zergling x4  
  96  9:14  Drone x3  
  99  9:19  Extractor  
  99  9:20  Drone  
  99  9:30  Hydralisk x8  
  108  10:03  Drone x3  
  108  10:04  Drone x2, Hydralisk x4  
  108  10:05  Overlord x3  
  110  10:39  Hydralisk x2  
  110  10:40  Hydralisk x7  
  114  10:54  Queen  
  108  10:57  Hydralisk  
  108  10:58  Hydralisk x2  
  114  11:13  Hydralisk x3  
  114  11:14  Hydralisk x2  
  110  11:41  Hydralisk x6  
  110  11:42  Hydralisk x3  
Show
View Real Time Build Order
Export as new Build Order

Subwaymaker Protoss 

Build Orders:  

Get SALT Encoding   

  1  0:00  Probe  
  12  0:06  Probe  
  14  0:24  Pylon, Probe  
  15  0:42  Probe  
  16  0:47  Forge  
  16  0:52  Gateway  
  16  0:55  Probe  
  17  1:04  Probe  
  18  1:12  Assimilator  
  18  2:02  Cybernetics Core, Probe  
  18  2:04  Zealot  
  18  2:05  Assimilator  
  21  2:14  Probe  
  22  2:17  Pylon  
  22  2:22  Pylon  
  22  2:24  Pylon  
  22  2:31  Pylon  
  22  2:49  Photon Cannon  
  22  2:51  Photon Cannon  
  22  2:52  Photon Cannon  
  22  2:55  Shield Battery  
  22  2:59  Cybernetics Core  
  21  3:22  Protoss Ground Armor Level 1  
  20  3:42  Probe  
  21  3:51  Probe  
  22  3:59  Pylon, Probe  
  22  4:06  Photon Cannon  
  23  4:16  Probe, Gateway  
  24  4:22  Pylon  
  24  4:24  Probe  
  25  4:36  Warp Gate  
  25  4:43  Gateway  
  25  4:46  Gateway  
  25  4:59  Zealot  
  25  5:01  Nexus  
  27  5:09  Sentry  
  29  5:32  Photon Cannon  
  29  5:35  Shield Battery  
  29  5:44  Stalker  
  29  5:45  Stalker  
  33  5:50  Probe  
  34  6:03  Probe  
  35  6:15  Probe  
  38  6:27  Probe  
  38  6:28  Protoss Ground Weapons Level 1  
  39  6:39  Probe  
  40  6:42  Stalker  
  40  6:43  Stalker x2  
  44  6:51  Stalker  
  46  7:01  Probe x2  
  48  7:04  Pylon  
  48  7:06  Pylon  
  48  7:08  Pylon  
  48  7:11  Probe  
  48  7:12  Pylon  
  48  7:13  Probe  
  48  7:14  Pylon  
  50  7:17  Assimilator  
  50  7:19  Probe  
  51  7:31  Probe  
  51  7:33  Robotics Facility  
  51  7:34  Probe  
  53  7:43  Probe  
  54  7:53  Probe, Twilight Council  
  54  7:55  Gateway  
  54  7:56  Gateway  
  54  7:57  Probe  
  56  7:59  Assimilator  
  56  8:11  Zealot  
  56  8:12  Stalker  
  60  8:13  Stalker  
  60  8:14  Stalker  
  64  8:48  Charge  
  64  9:02  Observer  
  65  9:07  Stalker x2  
  65  9:08  Stalker  
  65  9:09  Stalker  
  73  9:10  Stalker  
  73  9:11  Stalker  
  77  9:23  Observer  
  76  9:57  Zealot x4  
  76  9:58  Zealot  
  76  9:59  Stalker  
  64  10:35  Stalker  
  64  10:37  Stalker  
  64  10:38  Stalker x2  
  64  10:42  Stalker x2  
  76  10:44  Immortal  
  44  11:06  Zealot  
  44  11:07  Zealot x2  
  44  11:09  Zealot x2  
  44  11:10  Zealot  
  56  11:14  Immortal  
  60  11:36  Stalker  
  60  11:37  Stalker x2  
  60  11:38  Stalker  
  60  11:39  Stalker  
  57  12:02  Stalker x3  
  57  12:03  Zealot  
  57  12:04  Zealot  
  57  12:05  Stalker  
Show
View Real Time Build Order
Export as new Build Order

Mesrob Terran 

Build Orders:  

Get SALT Encoding   

  12  0:00  SCV  
  13  0:12  SCV  
  14  0:18  Supply Depot  
  14  0:28  SCV  
  15  0:40  SCV  
  15  0:41  Barracks  
  16  0:52  SCV  
  16  0:57  Refinery  
  17  1:04  SCV  
  18  1:28  Orbital Command  
  18  1:30  Barracks  
  18  1:32  Marine  
  19  1:58  SCV  
  19  2:00  Barracks Reactor  
  20  2:10  Command Center, SCV  
  21  2:21  Supply Depot  
  21  2:22  Barracks Tech Lab  
  21  2:36  Marine x2  
  23  2:44  Barracks  
  23  2:45  Barracks  
  23  2:49  Marine  
  24  2:54  Marine x2  
  26  3:12  Stimpack  
  26  3:22  Marine x2  
  26  3:26  Marine  
  29  3:33  Refinery, SCV  
  30  3:35  Orbital Command  
  30  3:40  Marine x2  
  32  3:43  Barracks Reactor  
  32  3:44  Barracks Reactor  
  32  3:45  SCV  
  33  3:54  Marine  
  34  3:57  SCV  
  34  3:58  Marine x2  
  37  4:08  SCV  
  38  4:16  Marine x3  
  41  4:20  SCV  
  41  4:21  SCV  
  43  4:29  Marine x2  
  43  4:30  Supply Depot  
  45  4:33  SCV  
  45  4:38  Supply Depot  
  46  4:52  Marine x4, SCV  
  51  4:55  Marine x3  
  52  5:09  Marine x4  
  52  5:12  Marine  
  57  5:23  Engineering Bay  
  50  5:39  Marine x2  
  50  5:40  Marine x5  
  47  5:57  Marine x3  
  47  5:58  Marine x4  
  54  6:06  Factory  
  54  6:12  Barracks  
  54  6:15  Marine x5  
  47  6:42  Marine x5  
  47  6:43  Marine, Terran Infantry Weapons Level 1  
  53  6:53  Starport  
  53  6:54  Factory Reactor  
  53  6:56  Marine  
  53  7:00  Marine x3, Combat Shield  
  57  7:03  SCV  
  57  7:07  SCV  
  59  7:16  Refinery  
  59  7:17  Barracks Reactor  
  59  7:22  Barracks  
  59  7:30  Engineering Bay  
  59  7:40  Starport  
  59  7:46  Marine x2  
  59  7:48  Marine  
  62  7:59  Marine  
  62  8:00  Marine x2  
  62  8:01  Supply Depot  
  62  8:02  Marauder, Medivac  
  62  8:04  Marine  
  62  8:05  Medivac  
  40  8:24  Marauder  
  40  8:25  Supply Depot  
  38  8:39  Marine x3  
  38  8:40  Barracks Reactor  
  41  8:41  Marine x2  
  41  8:45  Marauder  
  41  8:46  Starport Tech Lab  
  45  8:51  Fusion Core  
  45  8:57  Medivac x2  
  45  9:00  Marine x5  
  45  9:01  Marine x3  
  57  9:06  Marauder  
  57  9:07  SCV  
  60  9:10  Refinery  
  60  9:17  Marine  
  60  9:18  Marine x3  
  60  9:19  SCV  
  66  9:31  SCV  
  66  9:43  SCV  
  63  10:02  Marauder, Marine x4  
  63  10:03  Marine x3  
  63  10:04  Marine x3  
  75  10:20  Command Center  
  74  10:23  Marauder  
  62  10:44  Liberator  
  62  10:45  Marauder, Supply Depot  
  62  10:47  Marine x2  
  62  10:49  Marine  
  53  10:50  Marine x3  
  53  10:51  Marine  
  53  10:52  Marine x3  
  49  11:04  Marine  
  49  11:05  Marine  
  49  11:06  Marauder  
  49  11:07  Marine  
  49  11:11  Supply Depot  
  30  11:26  Marine x4  
  33  11:35  Supply Depot  
  33  11:36  Marine x2  
  33  11:37  Marine x2  
  33  11:39  Marine  
  34  11:40  Marine  
  26  12:03  Supply Depot  
  26  12:08  Marine x3  
  23  12:10  Marine  
Show
View Real Time Build Order
Export as new Build Order

subwayengine Terran 

Build Orders:  

Get SALT Encoding   

  12  0:17  SCV  
  12  0:20  Supply Depot  
  13  0:22  Refinery  
  13  0:33  SCV  
  14  0:44  Barracks  
  14  0:50  SCV  
  15  1:02  SCV  
  16  1:14  SCV  
  17  1:34  Refinery, Orbital Command  
  17  1:43  Barracks Tech Lab  
  17  1:46  Supply Depot  
  17  2:01  SCV  
  17  2:08  Supply Depot  
  18  2:13  SCV  
  19  2:25  SCV  
  20  2:31  Supply Depot  
  20  2:38  SCV  
  20  2:40  Marine  
  20  2:42  Combat Shield  
  22  2:49  Refinery  
  22  2:50  SCV  
  23  2:57  Marine  
  24  3:14  Refinery, Command Center  
  24  3:15  Marine  
  25  3:33  Marine  
  26  3:51  Marine  
  26  3:53  Factory  
  27  4:09  Marine  
  28  4:13  SCV  
  29  4:18  Concussive Shells  
  29  4:25  SCV  
  29  4:26  Marine  
  31  4:34  Engineering Bay  
  31  4:37  SCV  
  32  4:40  Starport  
  32  4:43  Factory Tech Lab  
  32  4:44  Marine  
  31  4:49  SCV  
  26  5:01  SCV, Barracks  
  26  5:02  Marine  
  28  5:19  Starport  
  28  5:20  Marine  
  29  5:24  Terran Infantry Weapons Level 1  
  29  5:28  Hellion  
  31  5:38  Marine  
  31  5:39  Infernal Pre-Igniter  
  32  5:43  Viking  
  32  5:49  Hellion  
  36  5:56  Marine  
  37  6:10  Hellion  
  38  6:13  Marine  
  38  6:31  Marine  
  38  6:32  Hellion  
  41  6:49  Marine  
  41  6:53  Hellion  
  44  6:54  SCV  
  44  6:58  Viking  
  47  7:03  Starport Tech Lab  
  47  7:07  Barracks Reactor  
  47  7:15  Supply Depot  
  47  7:36  Viking, SCV  
  50  7:38  Supply Depot  
  50  7:48  SCV  
  51  8:01  SCV  
  51  8:02  Weapon Refit  
  51  8:03  Factory  
  52  8:06  Viking  
  52  8:11  Fusion Core  
  54  8:13  SCV  
  55  8:34  Mag-Field Accelerator  
  61  9:02  Battlecruiser  
  61  9:04  Command Center  
  61  9:05  Starport Reactor  
  61  9:10  Supply Depot  
  61  9:28  Supply Depot  
  61  9:29  Terran Infantry Armor Level 1  
  61  9:30  Factory Tech Lab  
  61  9:34  Supply Depot  
  59  9:58  Supply Depot  
  28  10:58  Marine x3  
  28  11:01  Siege Tank  
  28  11:02  Siege Tank  
  37  11:10  SCV  
  38  11:16  Marine x3  
  41  11:23  SCV  
  41  11:33  Marine, Siege Tank  
  41  11:34  Marine x2, Siege Tank  
  41  11:35  SCV  
  49  11:47  SCV  
  49  11:51  Marine  
  49  11:52  Marine x2  
  52  11:59  SCV  
  58  12:10  Marine  
Tags
 
Add a new tag
Caveats
  • Supply blocks, unpowered buildings, or Contaminate may cause inaccurate times.
  • Supply counts are checked every 10 seconds.